 Dungeon Crawl Stone Soup version 0.28-a0-1520-gc3277d3759 (webtiles) character file.

Game seed: 6138080869833696878

1841 kae the Insei (level 8, -12/72 HPs)
             Began as a Demonspawn Transmuter on Jan 17, 2022.
             Killed from afar by a gargoyle (17 damage)
             ... with a stone arrow
             ... on level 6 of the Dungeon.
             The game lasted 00:05:05 (7788 turns).

kae the Insei (Demonspawn Transmuter)               Turns: 7788, Time: 00:05:06

Health: -12/72     AC:  7    Str: 11    XL:     8   Next: 87%
Magic:  11/14      EV: 11    Int: 22    God:
Gold:   1180       SH:  0    Dex: 14    Spells: 7/15 levels left

rFire   x . .      SeeInvis .     - Unarmed
rCold   + + +      Faith    .   (shield currently unavailable)
rNeg    . . .      Spirit   .   (armour currently unavailable)
rPois   +          Reflect  .   (helmet currently unavailable)
rElec   .          Harm     .   (cloak currently unavailable)
rCorr   .          Rampage  .   (gloves currently unavailable)
Will    .....                   (boots currently unavailable)
Stlth   +.........              (no amulet)
HPRegen 0.22/turn               c - +6 ring of intelligence
MPRegen 0.14/turn               i - ring of wizardry

@: ice-form
A: freezing attack, amphibious, boosted hp, large, (claws 1), (yellow scales 2),
demonic guardian 1, foul stench 1
a: End Transformation


You were on level 6 of the Dungeon.
You were a creature of crystalline ice.
You visited 1 branch of the dungeon, and saw 6 of its levels.

You collected 1255 gold pieces.
You spent 75 gold pieces at shops.

Inventory:

Armour
 a - a +1 robe (melded)
 h - the +1 pair of gloves of Ethereal Intercession (melded) {Will+ Dex+2 Slay+2}
   (You found it on level 3 of the Dungeon)

   Dex:       It affects your dexterity (+2).
   Slay:      It affects your accuracy & damage with ranged weapons and melee
   (+2).
   Will:      It increases your willpower.
 q - a +2 cloak (melded)
Jewellery
 c - a +6 ring of intelligence (left front paw)
 i - a ring of wizardry (right front paw)
Wands
 g - a wand of polymorph (5)
Scrolls
 m - 2 scrolls of teleportation
 p - a scroll of amnesia
Potions
 b - a potion of lignification
 d - a potion of ambrosia
 e - 2 potions of attraction
 f - 3 potions of mutation
 j - a potion of brilliance
 k - 2 potions of curing
 l - a potion of flight


   Skills:
 + Level 3.8 Fighting
 + Level 4.0 Dodging
 * Level 5.7 Unarmed Combat
 + Level 4.0 Spellcasting
 * Level 5.4 Transmutations
 * Level 3.3 Ice Magic
 - Level 2.0 Poison Magic


You had 7 spell levels left.
You knew the following spells:

 Your Spells              Type           Power      Damage    Failure   Level
a - Beastly Appendage     Tmut           56%        N/A       1%          1
b - Spider Form           Tmut/Pois      20%        N/A       2%          3
c - Ice Form              Ice/Tmut       23%        N/A       8%          4

Your spell library contained the following spells:

 Spells                   Type           Power      Damage    Failure   Level
 Wereblood                Tmut           28%        N/A       1%          2
 Ozocubu's Armour         Ice            19%        N/A       3%          3
 Animate Skeleton         Necr           8%         N/A       4%          1
 Pain                     Necr           16%        1d4       4%          1
 Slow                     Hex            16%        N/A       4%          1
 Confusing Touch          Hex            4%         N/A       13%         3
 Vampiric Draining        Necr           4%         2d6       13%         3
 Metabolic Englaciation   Hex/Ice        5%         N/A       50%         5
 Simulacrum               Ice/Necr       5%         N/A       96%         6


Dungeon Overview and Level Annotations

Branches:
Dungeon (6/15)
 Temple: D:4-7

Altars:
Ashenzari
Dithmenos
Elyvilon
Fedhas
Hepliaklqana
Kikubaaqudgha
Qazlal
Vehumet
The Shining One

Shops:
D:1 *   D:3 *   D:6 ?


Innate Abilities, Weirdness & Mutations

You are a creature of crystalline ice.
You have a powerful freezing melee attack.
You are amphibious.
Your maximum health is increased.
Your armour is entirely melded.
You are incapable of wielding weapons or throwing items.
((You have sharp fingernails.))
((You are mostly covered in yellow scales. (AC +3)))
A weak demonic guardian rushes to your aid.
You may rarely emit foul miasma when damaged in melee.


Message History

HP restored.
A gargoyle is nearby!
A gargoyle is nearby!
Blink to where?
Press: ? - help, Dir - move target
As you read the scroll labelled XOHOINLIOPN, it crumbles to dust.
It was a scroll of blinking.
Casting: Ice Form (dangerous; 8% risk of failure)
Confirm with . or Enter, or press ? or * to list all spells.
You turn into a creature of crystalline ice.
Your +2 cloak melds into your body.
The +1 pair of gloves of Ethereal Intercession {Will+ Dex+2 Slay+2} melds into your body.
Your +1 robe melds into your body.
You start resting.
A gargoyle is nearby!
You hit the gargoyle. You freeze the gargoyle.
The gargoyle is moderately damaged.
The gargoyle hits you with a +0 morningstar of protection.
You hit the gargoyle but do no damage.
The gargoyle is moderately damaged.
The gargoyle hits you with a +0 morningstar of protection!!
You hit the gargoyle but do no damage.
The gargoyle is moderately damaged.
The gargoyle closely misses you.
You hit the gargoyle. You freeze the gargoyle.
The gargoyle is heavily damaged.
You hit the gargoyle but do no damage.
The gargoyle is heavily damaged.
The gargoyle hits you with a +0 morningstar of protection!!
A demonic guardian appears!
You hit the gargoyle but do no damage.
The gargoyle is heavily damaged.
The gargoyle hurls a stone arrow at you.
The stone arrow hits you!!
* * * LOW HITPOINT WARNING * * *
You hit the gargoyle but do no damage.
The gargoyle is heavily damaged.
The gargoyle hurls a stone arrow at you.
The stone arrow hits you!
You die...

######...##.....######..
#.......##......# #.#.
#.####9##.......# ####
#.#........#####.##
#.##8.......#.....#
##.##.........#..#.
#.###8.........###
#.######9######...#### #
.......Y5..###.#..# #
#.................# #
########.########.# ####
#.########.# #..<
#..........# #.##
#.########## #.## #.#
#.## #.# #######.#
#.######.......#


You could see a gargoyle (ally target) and a friendly quasit (summoned).

Vanquished Creatures
  Sigmund (D:4)
  3 yaks
  Edmund (D:6)
  An ice beast (D:6)
  An ogre (D:4)
  4 necrophages
  A bullfrog (D:6)
  A water moccasin skeleton (D:6)
  2 hounds (D:6)
  A jelly (D:5)
  Crazy Yiuf (D:5)
  3 iguanas
  2 orc wizards (D:6)
  A hound zombie (D:5)
  6 adders
  A white imp (D:5)
  An ufetubus (D:5)
  2 worms
  3 dart slugs
  8 orcs
  A bat (D:1)
  6 endoplasms
  2 giant cockroaches
  7 goblins
  7 hobgoblins
  8 jackals
  5 kobolds
  3 quokkas
  5 ball pythons
  4 frilled lizards
  8 rats
100 creatures vanquished.

Vanquished Creatures (collateral kills)
  An ogre (D:4)
  A hobgoblin (D:2)
2 creatures vanquished.

Vanquished Creatures (others)
  13 demonic plants (D:2)
  4 fungi (D:2)
  4 plants (D:2)
  3 withered plants (D:2)
24 creatures vanquished.

Grand Total: 126 creatures vanquished

Notes
Turn   | Place    | Note
-------+----------+-------------------------------------------
     0 | D:1      | kae the Demonspawn Transmuter began the quest for the Orb.
     0 | D:1      | Reached XP level 1. HP: 15/15 MP: 3/3
   361 | D:1      | Found Pick's Assorted Antiques.
   396 | D:1      | Gained mutation: You have sharp fingernails. [demonic
                  | ancestry]
   396 | D:1      | Reached XP level 2. HP: 3/21 MP: 3/5
  1828 | D:2      | Gained mutation: A weak demonic guardian rushes to your
                  | aid. [demonic ancestry]
  1828 | D:2      | Reached XP level 3. HP: 26/26 MP: 6/6
  1832 | D:2      | Learned a level 3 spell: Spider Form
  2409 | D:2      | Found a faded altar of an unknown god.
  2643 | D:2      | Gained mutation: You are partially covered in yellow
                  | scales. (AC +2) [demonic ancestry]
  2643 | D:2      | Reached XP level 4. HP: 25/32 MP: 5/7
  3192 | D:3      | Reached skill level 1 in Poison Magic
  3370 | D:3      | Found Zabaps's General Store.
  3613 | D:3      | Bought a scroll of identify for 20 gold pieces
  3702 | D:3      | Identified the +1 pair of gloves of Ethereal Intercession
                  | {Will+ Dex+2 Slay+2}
  3959 | D:3      | Found a blossoming altar of Fedhas.
  4262 | D:4      | Noticed Sigmund
  4274 | D:4      | Killed Sigmund
  4275 | D:4      | Gained mutation: You are mostly covered in yellow scales.
                  | (AC +3) [demonic ancestry]
  4275 | D:4      | Reached XP level 5. HP: 29/38 MP: 5/8
  4275 | D:4      | Reached XP level 6. HP: 34/44 MP: 5/9
  4378 | D:4      | Found an ancient bone altar of Kikubaaqudgha.
  4384 | D:4      | Learned a level 4 spell: Ice Form
  4386 | D:4      | Found a hazy altar of Hepliaklqana.
  4386 | D:4      | Found a shadowy altar of Dithmenos.
  5022 | D:4      | Gained mutation: You may rarely emit foul miasma when
                  | damaged in melee. [demonic ancestry]
  5022 | D:4      | Reached XP level 7. HP: 18/51 MP: 11/11
  5628 | D:5      | Entered Level 5 of the Dungeon
  5767 | D:5      | Found a stormy altar of Qazlal.
  6091 | D:5      | Reached skill level 1 in Ice Magic
  6107 | D:5      | Noticed a yak
  6108 | D:5      | Noticed a yak
  6110 | D:5      | Noticed a yak
  6140 | D:4      | Killed a yak
  6324 | D:5      | Killed a yak
  6325 | D:5      | Reached skill level 5 in Unarmed Combat
  6325 | D:5      | Reached XP level 8. HP: 28/58 MP: 9/13
  6603 | D:5      | Found a runed translucent door.
  6604 | D:5      | Noticed Crazy Yiuf
  6780 | D:5      | Found a radiant altar of Vehumet.
  6882 | D:5      | Killed Crazy Yiuf
  6949 | D:5      | Identified a scroll of acquirement
  6949 | D:5      | Acquired 960 gold pieces
  7006 | D:6      | Reached skill level 5 in Transmutations
  7283 | D:6      | Found Muemp's Magic Scroll Boutique.
  7287 | D:6      | Bought a scroll of identify for 22 gold pieces
  7287 | D:6      | Bought a scroll of teleportation for 33 gold pieces
  7346 | D:6      | Found a broken altar of Ashenzari.
  7472 | D:6      | Noticed Edmund
  7472 | D:6      | Noticed a gargoyle
  7498 | D:6      | Killed Edmund
  7788 | D:6      | Killed from afar by a gargoyle

Illustrated notes

Levels and vault maps discovered:
D:1:      psy_arrival_basics, layout_basic, serial_shops,
          nicolae_shop_overgrown_old_shop, minmay_misc_feat_ornament
D:2:      layout_loops_ring, shapermc_ecumenical_altar_gd,
          amcnicky_mini_pool_small, minivault_27
D:3:      layout_basic, fedhas_ov_isle_minmay, serial_shops, nicolae_square_shop
D:4:      layout_gridville, nicolae_overflow_hallway_of_the_gods, uniq_sigmund
D:5:      layout_layer_cave, nicolae_vehumet_altar_sigil,
          nicolae_qazlal_scattered_showers, uniq_crazy_yiuf_cottage
D:6:      hellmonk_crumbling_castle, layout_loops_ring,
          cheibrodos_ashenzari_chains, serial_shops, shop, uniq_edmund

Skill      XL: |  1  2  3  4  5  6  7  8 |
---------------+-------------------------+-----
Transmutations | 2 3 4 5 |  5.4
Unarmed Combat | 3 4 5 |  5.7
Dodging        | 2 3 4 |  4.0
Poison Magic   | 2 |  2.0
Fighting       | 2 3 |  3.8
Spellcasting   | 3 4 |  4.0
Ice Magic      | 2 3 |  3.3

Action                   |  1- 3 |  4- 6 |  7- 9 || total
-------------------------+-------+-------+-------++-------
Melee: Unarmed           |    87 |    96 |   105 ||   288
       Kick              |    18 |    22 |    21 ||    61
       Headbutt          |    10 |    11 |    11 ||    32
       Punch             |     2 |     1 |       ||     3
 Cast: Beastly Appendage |    23 |    22 |     9 ||    54
       Spider Form       |       |     2 |       ||     2
       Ice Form          |       |       |     8 ||     8
  Use: Scroll            |     5 |     4 |     6 ||    15
       Potion            |     1 |       |       ||     1
 Stab: Sleeping          |     1 |     1 |       ||     2
Armor: Robe              |    10 |    24 |    16 ||    50
       Skin              |     1 |     1 |     7 ||     9
Dodge: Dodged            |    62 |    38 |    50 ||   150

Table legend: (Time is in decaauts)
 A = Elapsed time spent in this place.
 B = Non-inter-level travel time spent in this place.
 C = Inter-level travel time spent in this place.
 D = Time resting spent in this place.
 E = Time spent auto-exploring this place.
 F = Levels seen in this place.
 G = Mean time per level.
                   A        B        C        D        E       F      G
               +--------+--------+--------+--------+--------+-----+--------+
         Total |   7752 |   7612 |    140 |    468 |   6306 |   6 | 1292.0 |
       Dungeon |   7752 |   7612 |    140 |    468 |   6306 |   6 | 1292.0 |
               +--------+--------+--------+--------+--------+-----+--------+

Top non-repeatable levels by time:
     D:1: 1589 daAuts
     D:4: 1578 daAuts
     D:2: 1449 daAuts
     D:3: 1185 daAuts
     D:5: 1136 daAuts
     D:6: 812 daAuts
